 Dungeon Crawl Stone Soup version 0.31-a0-846-gb3bcc0d938 (webtiles) character file.

Game seed: 13367142294266317113

44390 pop123321pop the Warrior (level 13, -1/110 (134) HPs)
             Began as a Minotaur Berserker on Oct 4, 2023.
             Was a High Priest of Trog.
             Slain by a +6 dire flail of draining (15 damage)
             ... on level 1 of the Elven Halls.
             The game lasted 00:25:55 (15597 turns).

pop123321pop the Warrior (Minotaur Berserker)      Turns: 15597, Time: 00:25:56

HP:   -1/110 (134)  AC: 23    Str: 23    XL:     13   Next: 96%
MP:   12/12         EV: 12    Int:  4    God:    Trog [*****.]
Gold: 2584          SH:  0    Dex: 17    Spells: 12/12 levels left

rFire   . . .        D - +4 whip (elec)
rCold   . . .        w - orb {light}
rNeg    . . .        G - +0 plate armour
rPois   .            b - +1 hat
rElec   .            (no cloak)
rCorr   .            C - +2 pair of gloves {Dex+3}
SInv    .            L - +0 pair of boots
Will    +....        (no amulet) Stlth
                     f - ring of flight
HPRegen 0.38/turn    A - ring of willpower
MPRegen 0.13/turn

%: no passive effects
@: flying, glowing, heavily drained
A: horns 2, retaliatory headbutt
a: Renounce Religion, Berserk, Trog's Hand, Brothers in Arms


You were on level 1 of the Elven Halls.
You worshipped Trog.
Trog was extremely pleased with you.
You visited 3 branches of the dungeon, and saw 14 of its levels.

You collected 2584 gold pieces.

Inventory:

Hand Weapons
 a - a +1 sling of draining
 D - a +4 whip of electrocution (weapon)
Armour
 b - a +1 hat (worn)
 w - an orb of light (worn)
 C - a +2 pair of gloves of dexterity (worn)
 G - a +0 plate armour (worn)
 L - a +0 pair of boots (worn)
Jewellery
 f - a ring of flight (left hand)
 k - a ring of protection from cold
 r - a ring of protection from fire
 A - a ring of willpower (right hand)
 B - an amulet of magic regeneration
 K - the ring "Gaihiw" {Fire Str+4 Int+4 Dex-3}
   (You found it on level 9 of the Dungeon)

   [ring of fire]

   Fire:      It enhances your fire magic.
   Str+4:     It affects your strength (+4).
   Int+4:     It affects your intelligence (+4).
   Dex-3:     It affects your dexterity (-3).
   rF+:       It protects you from fire.
   rC-:       It makes you vulnerable to cold.
Wands
 e - a wand of polymorph (5)
 m - a wand of mindburst (25)
 u - a wand of acid (10)
 H - a wand of charming (7)
 I - a wand of flame (32)
 O - a wand of roots (17)
Scrolls
 c - 6 scrolls of vulnerability
 h - 2 scrolls of silence
 i - 6 scrolls of teleportation
 j - 3 scrolls of revelation
 n - 2 scrolls of noise
 o - a scroll of brand weapon
 t - 2 scrolls of immolation
 y - 2 scrolls of poison
 E - 3 scrolls of summoning
 P - a scroll of amnesia
Potions
 d - 3 potions of attraction
 g - a potion of degeneration
 l - 4 potions of brilliance
 p - 4 potions of curing
 q - 6 potions of resistance
 s - 2 potions of berserk rage
 v - 2 potions of might
 x - 2 potions of magic
 z - a potion of ambrosia
 N - a potion of lignification {unknown}
 Q - a potion of haste {unknown}


   Skills:
 - Level 18.2 Fighting
 - Level 12.4 Maces & Flails
 + Level 7.7 Ranged Weapons
 - Level 15.1 Armour
 - Level 10.1 Dodging


You had 12 spell levels left.
You didn't know any spells.
Your spell library was empty.

Dungeon Overview and Level Annotations

Branches:
Dungeon (11/15)            Temple (0/1) D:5            Lair (0/5) D:11
    Orc (2/2) D:11            Elf (1/3) Orc:2

Altars:
Elyvilon
Nemelex Xobeh
Qazlal
Yredelemnul
The Shining One
Jiyva

Shops:
D:5 :   Orc:1 ***   Orc:2 !*:([


Innate Abilities, Weirdness & Mutations

You have a pair of horns on your head.
You reflexively headbutt those who attack you in melee.


Message History

You headbutt the +6 dire flail of draining, but do no damage.
The +6 dire flail of draining is lightly damaged.
The +6 dire flail of draining hits you!
You feel drained.
Unknown command.
You whack the +6 dire flail of draining!
The +6 dire flail of draining is heavily damaged.
The +6 dire flail of draining hits you!
You feel drained.
Unknown command.
You hit the +6 dire flail of draining.
The +6 dire flail of draining is severely damaged.
The deep elf pyromancer points at you and mumbles some strange words.
The sticky flame hits you.
You are covered in liquid flames!
Unknown command.
You hit the +6 dire flail of draining.
The +6 dire flail of draining is severely damaged.
You are covered in liquid flames!
The +6 dire flail of draining hits you!!
* * * LOW HITPOINT WARNING * * *
You feel drained.
* * * LOW HITPOINT WARNING * * *
You are too injured to fight recklessly!
Unknown command.
You are too injured to fight recklessly!
Unknown command.
Blink to where?
Press: ? - help, Dir - move target
As you read the scroll of blinking, it crumbles to dust.
You are covered in liquid flames!
* * * LOW HITPOINT WARNING * * *
You feel better.
You are covered in liquid flames!
* * * LOW HITPOINT WARNING * * *
You are no longer on fire.
The +6 dire flail of draining hits you.
* * * LOW HITPOINT WARNING * * *
You feel drained.
* * * LOW HITPOINT WARNING * * *
The +6 dire flail of draining hits you!
You die...

.##..e#.###'#.......##....8.#####
..#####...'##.......##......'....
#.........####+#####......'....
+......#...#...# #......'..)<
#......#...#...# #......'....
.#.......#.#....# #..)...'....
.##........#.....# #....8.#####
###.....#.#...+# #......#
###..#...#..@## ##.#####
##..#...#!(..####..
..#..#...#)........#
......#.#..........
.......#...e........
#...#.#...###...## .#
#...#.#...#$#.. #.....#.....#...
#.#...#.#..(#.#


You could see a deep elf pyromancer and a +6 dire flail of draining.

Vanquished Creatures
  Gastronok (D:9)
  An orc warlord (Orc:1)
  2 ogre magi (Orc:1)
  12 two-headed ogres
  A death knight (D:11)
  Erica (D:8)
  The ghost of IHitMyHead the Cleaver, a novice HuFi (D:8)
  An orc high priest (Orc:2)
  A sixfirhy (D:11)
  2 deep trolls
  A deep elf archer (Elf:1)
  Pikel (D:8)
  A deep elf zephyrmancer (Orc:2)
  4 deep elf pyromancers
  A manticore (D:11)
  An ugly thing (D:11)
  An orc sorcerer (Orc:2)
  3 cyclopes
  2 rust devils (D:11)
  Maurice (D:9)
  Maggie (D:8)
  Jeremiah (D:7)
  An unseen horror (D:11)
  A yaktaur (shapeshifter) (Elf:1)
  A kobold demonologist (D:10)
  A freezing wraith (D:11)
  A yaktaur (D:11)
  A komodo dragon (D:11)
  9 trolls
  Grinder (D:4)
  2 hornets
  A slime creature (D:8)
  2 air elementals (Elf:1)
  24 yaks
  A culicivora (shapeshifter) (D:11)
  5 wyverns
  2 fire elementals (Elf:1)
  4 wraiths
  4 shadows
  Eustachio (D:5)
  2 basilisks (D:11)
  4 vampire mosquitoes (D:10)
  A steam dragon (D:7)
  5 wargs
  2 acid dragons
  20 orc warriors
  A black bear (D:7)
  22 ogres
  3 centaurs
  A lemure (D:8)
  3 phantoms
  3 kobold brigands
  4 bullfrogs
  3 scorpions
  5 wights (D:10)
  3 howler monkeys (D:11)
  A crimson imp (D:11)
  A quasit (D:11)
  3 hounds (D:6)
  4 jellies
  A gnoll bouda (D:5)
  20 orc priests
  Jessica (D:2)
  2 iguanas
  Ijyb (D:4)
  Natasha (thrice) (D:4)
  19 orc wizards
  Robin (D:3)
  3 gnolls (D:5)
  9 adders
  A shadow imp (D:11)
  A white imp (D:7)
  2 ufetubi
  3 worms
  3 dart slugs
  78 orcs
  4 bats
  An endoplasm (D:2)
  10 giant cockroaches (D:3)
  21 goblins
  13 hobgoblins
  15 kobolds
  4 quokkas
  2 ball pythons
  3 frilled lizards
  6 rats
421 creatures vanquished.

Vanquished Creatures (collateral kills)
  2 two-headed ogres (Orc:2)
  An orc knight (D:11)
  A cyclops (D:11)
  An orc warrior (Orc:2)
  A centaur (D:11)
  An ogre (Orc:2)
  3 orc priests (Orc:2)
  6 orcs (Orc:2)
16 creatures vanquished.

Grand Total: 437 creatures vanquished

Notes
Turn   | Place    | Note
-------+----------+-------------------------------------------
     0 | D:1      | pop123321pop the Minotaur Berserker began the quest for the
                  | Orb.
     0 | D:1      | Reached XP level 1. HP: 19/19 MP: 0/0
    60 | D:1      | Reached XP level 2. HP: 21/26 MP: 1/1
   542 | D:2      | Noticed Jessica
   549 | D:2      | Killed Jessica
   550 | D:2      | Reached skill level 5 in Maces & Flails
   550 | D:2      | Reached XP level 3. HP: 13/31 MP: 2/2
   783 | D:2      | Reached XP level 4. HP: 39/39 MP: 3/3
  1170 | D:2      | Found a basalt altar of Yredelemnul.
  1202 | D:2      | Reached ** piety under Trog
  1558 | D:3      | Reached XP level 5. HP: 45/45 MP: 4/4
  1979 | D:3      | Noticed Robin
  1989 | D:3      | Killed Robin
  2016 | D:3      | Reached XP level 6. HP: 48/51 MP: 5/5
  2173 | D:3      | Found a faded altar of an unknown god.
  2248 | D:4      | Noticed Natasha
  2260 | D:4      | Killed Natasha
  2260 | D:4      | Reached *** piety under Trog
  2440 | D:4      | Noticed Natasha
  2464 | D:4      | Killed Natasha
  2641 | D:4      | Noticed Natasha
  2649 | D:4      | Killed Natasha
  2660 | D:4      | Noticed Grinder
  2679 | D:4      | Noticed Ijyb
  2693 | D:4      | Paralysed by Grinder for 3 turns
  2702 | D:4      | Killed Ijyb
  2707 | D:4      | Killed Grinder
  2708 | D:4      | Reached skill level 10 in Maces & Flails
  2708 | D:4      | Reached XP level 7. HP: 44/57 MP: 6/6
  2984 | D:4      | Found a glowing golden altar of the Shining One.
  3194 | D:5      | Entered Level 5 of the Dungeon
  3194 | D:5      | Noticed Eustachio
  3202 | D:5      | Killed Eustachio
  3255 | D:5      | Found Sotadgh's Book Shop.
  3674 | D:5      | Found a staircase to the Ecumenical Temple.
  3804 | D:6      | Reached XP level 8. HP: 61/64 MP: 7/7
  4234 | D:6      | Reached skill level 4 in Fighting
  4606 | D:6      | Reached skill level 5 in Fighting
  5256 | D:7      | Reached skill level 6 in Fighting
  5289 | D:7      | Reached skill level 7 in Fighting
  5478 | D:7      | Noticed Jeremiah
  5495 | D:7      | Reached skill level 8 in Fighting
  5495 | D:7      | Reached XP level 9. HP: 69/81 MP: 8/8
  5507 | D:7      | Killed Jeremiah
  5508 | D:7      | Reached skill level 9 in Fighting
  5871 | D:8      | Reached skill level 14 in Fighting
  5871 | D:8      | Reached XP level 10. HP: 104/104 MP: 9/9
  5981 | D:8      | Found a sand-covered staircase.
  6077 | D:8      | Paralysed by a hornet for 2 turns
  6173 | D:8      | Noticed Pikel
  6182 | D:8      | Killed Pikel
  6214 | D:8      | Found a runed translucent gate.
  6215 | D:8      | Found a runed translucent gate.
  6216 | D:8      | Found a runed translucent gate.
  6219 | D:8      | Found a viscous altar of Jiyva.
  6219 | D:8      | Noticed IHitMyHead's ghost (novice HuFi)
  6237 | D:8      | Reached **** piety under Trog
  6356 | D:8      | Noticed Erica
  6364 | D:8      | Killed Erica
  6365 | D:8      | Reached skill level 15 in Fighting
  6777 | D:8      | Found a sparkling altar of Nemelex Xobeh.
  6816 | D:8      | Noticed Maggie
  6827 | D:8      | Killed Maggie
  6992 | D:8      | Killed IHitMyHead's ghost
  6993 | D:8      | Reached skill level 10 in Armour
  6993 | D:8      | Reached XP level 11. HP: 112/112 MP: 10/10
  7097 | D:9      | Noticed a two-headed ogre
  7103 | D:9      | Killed a two-headed ogre
  7295 | D:9      | Found a flagged portal.
  7390 | D:9      | Noticed Gastronok
  7404 | D:9      | Killed Gastronok
  8091 | D:9      | Noticed Maurice
  8100 | D:9      | Killed Maurice
  8130 | D:9      | Reached ***** piety under Trog
  8131 | D:9      | Reached skill level 16 in Fighting
  8431 | D:9      | Found a white marble altar of Elyvilon.
  8432 | D:9      | Found a basalt altar of Yredelemnul.
  8434 | D:9      | Found a stormy altar of Qazlal.
  8523 | D:9      | Identified the ring "Gaihiw" {Fire Str+4 Int+4 Dex-3}
  8606 | D:10     | Entered Level 10 of the Dungeon
  8632 | D:10     | Noticed a two-headed ogre
  8640 | D:10     | Killed a two-headed ogre
  9164 | D:10     | Reached XP level 12. HP: 121/122 MP: 11/11
  9965 | D:11     | Identified the +6 glaive of the Enchanting Sybil {holy,
                  | rElec rPois rF+ rC-}
 10108 | D:11     | Noticed a two-headed ogre
 10121 | D:11     | Killed a two-headed ogre
 10223 | D:11     | Reached skill level 5 in Dodging
 10234 | D:11     | Received a gift from Trog
 10342 | D:11     | Reached skill level 17 in Fighting
 10490 | D:11     | Noticed a two-headed ogre
 10497 | D:11     | Killed a two-headed ogre
 10498 | D:11     | Noticed a two-headed ogre
 10525 | D:11     | Killed a two-headed ogre
 11257 | D:11     | Noticed a two-headed ogre
 11271 | D:11     | Killed a two-headed ogre
 11517 | D:11     | Noticed a death knight
 11528 | D:11     | Killed a death knight
 11905 | D:11     | Found a staircase to the Orcish Mines.
 11986 | D:11     | Found a staircase to the Lair.
 12189 | Orc:1    | Entered Level 1 of the Orcish Mines
 12210 | Orc:1    | Found Conos Ricof's General Store.
 12357 | Orc:1    | Identified a scroll of acquirement
 12363 | Orc:1    | Acquired 932 gold pieces
 12494 | Orc:1    | Found Tysaw's Specific Store.
 12496 | Orc:1    | Noticed an orc warlord
 12533 | Orc:1    | Reached XP level 13. HP: 133/134 MP: 12/12
 12544 | Orc:1    | Reached skill level 10 in Dodging
 12760 | Orc:1    | Killed an orc warlord
 12918 | Orc:1    | Found Bycovoel's General Store.
 13106 | Orc:2    | Entered Level 2 of the Orcish Mines
 13106 | Orc:2    | Found Ashreupo's Armour Shop.
 13117 | Orc:2    | Reached skill level 18 in Fighting
 13177 | Orc:2    | Found a staircase to the Elven Halls.
 14021 | Orc:1    | Received a gift from Trog
 14154 | Orc:2    | Reached skill level 15 in Armour
 14435 | Orc:2    | Reached skill level 1 in Ranged Weapons
 14821 | Orc:2    | Reached skill level 5 in Ranged Weapons
 14855 | Orc:2    | Found Alloz's General Store.
 14860 | Orc:2    | Found Derrony's Antique Weapon Shoppe.
 14861 | Orc:2    | Found Weanulun's Distillery.
 14906 | Orc:2    | Found Paedwuce's Book Boutique.
 15141 | Elf:1    | Entered Level 1 of the Elven Halls
 15398 | Elf:1    | Paralysed by an air elemental for 1 turns
 15403 | Elf:1    | Paralysed by an air elemental for 1 turns
 15597 | Elf:1    | Slain by a +6 dire flail of draining

Illustrated notes

Levels and vault maps discovered:
D:1:      eino_arrival_water_cross, layout_rooms
D:2:      layout_loops_ring, serial_forest, infiniplex_forest_zigzag_1,
          infiniplex_forest_lined_room_, infiniplex_forest_straight_4,
          infiniplex_forest_end_1, infiniplex_forest_clump_double,
          infiniplex_forest_clump_long, infiniplex_forest_corner_2, basic_altar,
          uniq_jessica
D:3:      minmay_roachtagon, layout_basic, shapermc_ecumenical_altar_pompeii,
          amethyst_killhole, st_stairs_13, nicolae_twisty_statue_hallways,
          uniq_robin
D:4:      kennysheep_the_goblin_king, layout_loops_ring,
          mainiacjoe_overflow_concentric_impassable, minivault_23, uniq_natasha,
          uniq_grinder
D:5:      layout_rooms, minmay_temple_entry_from_below_b, serial_shops, shop,
          uniq_eustachio
D:6:      layout_gridville, grunt_ministairs_10
D:7:      layout_basic, uniq_jeremiah
D:8:      layout_basic, nemelex_diamond_rough_becter, gammafunk_ghost_ooze,
          lightli_ossuary_entry_decrepit_ruins, uniq_maggie, uniq_erica,
          uniq_pikel
D:9:      layout_long_grid, minitemple, enter_bailey_8, special_room
          [special_room_orc], chequers_arboretum, billiards_dpeg,
          uniq_gastronok, uniq_maurice
D:10:     layout_loops_corners
D:11:     hangedman_cross_cluster, layout_basic, erik_lair_orcish_takeover,
          david_orc_4, serial_corexii_hall, chequers_hall_statues_y,
          corexii_hall_statues_u, chequers_hall_statues_y,
          corexii_hall_statues_l, chequers_hall_statues_wall_a,
          nicolae_demonic_statue_gallery
Orc:1:    layout_diamond_mine, serial_shops,
          nicolae_shop_temple_entry_statues_fountains, nicolae_specific_store
Orc:2:    st_orc_open, layout_caves, serial_shops, nicolae_shop_tiny_glass
Elf:1:    eino_elf_arrival_the_gate, layout_geoelf_octagon,
          gammafunk_ghost_grave, hangedman_elven_crosses_minicolossus,
          nicolae_twisting_strands

Skill      XL: |  1  2  3  4  5  6  7  8  9 10 11 12 13 |
---------------+----------------------------------------+-----
Maces & Flails | 4 5 7 8 10 11 12 | 12.4
Fighting       | 8 14 15 16 17 18 | 18.2
Armour         | 8 10 13 15 | 15.1
Dodging        | 3 9 10 | 10.1
Ranged Weapons | 7 |  7.7

Action                     |  1- 3 |  4- 6 |  7- 9 | 10-12 | 13-15 || total
---------------------------+-------+-------+-------+-------+-------++-------
  Melee: Mace              |    34 |       |       |       |       ||    34
         Headbutt          |     9 |    42 |    41 |   207 |   117 ||   416
         Whip              |    21 |   224 |   149 |   629 |   338 ||  1361
         Punch             |       |     3 |       |       |       ||     3
 Invoke: Berserk           |     1 |     3 |     2 |     4 |     5 ||    15
         Trog's Hand       |       |     1 |       |       |       ||     1
         Brothers in Arms  |       |       |       |     1 |     3 ||     4
    Use: Potion            |       |     1 |     1 |     3 |     1 ||     6
         Scroll            |       |     8 |     7 |     9 |     3 ||    27
   Stab: Distracted        |       |       |       |     1 |       ||     1
 Armour: Animal skin       |    14 |       |       |       |       ||    14
         Scale mail        |    15 |   102 |    77 |     9 |       ||   203
         Plate armour      |       |       |       |   384 |   301 ||   685
  Dodge: Dodged            |    31 |    73 |    46 |   209 |   217 ||   576

Table legend: (Time is in decaauts)
 A = Elapsed time spent in this place.
 B = Non-inter-level travel time spent in this place.
 C = Inter-level travel time spent in this place.
 D = Time resting spent in this place.
 E = Time spent auto-exploring this place.
 F = Levels seen in this place.
 G = Mean time per level.
                   A        B        C        D        E       F      G
               +--------+--------+--------+--------+--------+-----+--------+
         Total |  15137 |  14432 |    705 |   2794 |   9503 |  14 | 1081.2 |
       Dungeon |  12158 |  11526 |    632 |   1311 |   8644 |  11 | 1105.3 |
  Orcish Mines |   2646 |   2573 |     73 |   1371 |    728 |   2 | 1323.0 |
   Elven Halls |    332 |    332 |      0 |    112 |    131 |   1 |  332.0 |
               +--------+--------+--------+--------+--------+-----+--------+

Top non-repeatable levels by time:
    D:11: 2520 daAuts
   Orc:1: 2049 daAuts
     D:9: 1475 daAuts
    D:10: 1217 daAuts
     D:8: 1171 daAuts
     D:6: 997 daAuts
     D:7: 990 daAuts
     D:4: 951 daAuts
     D:2: 853 daAuts
     D:3: 851 daAuts
     D:5: 618 daAuts
   Orc:2: 597 daAuts
     D:1: 511 daAuts
   Elf:1: 332 daAuts
